 Dungeon Crawl Stone Soup version 0.29-a0-341-g24ffce5b50 (webtiles) character file.

Game seed: 10589512862681931209

3609 siradein the Merchant of Misery (level 9, -5/69 HPs)
             Began as a Vampire Necromancer on Apr 20, 2022.
             Was a Believer of Kikubaaqudgha.
             Slain by a tengu warrior
             ... wielding a +3 war axe
              (14 damage)
             ... on level 8 of the Dungeon.
             The game lasted 00:34:38 (9511 turns).

siradein the Merchant of Misery (VpNe)              Turns: 9511, Time: 00:34:39

Health: -5/69      AC: 10    Str:  7    XL:     9   Next: 86%
Magic:  18/18      EV: 16    Int: 17    God:    Kikubaaqudgha [**....]
Gold:   461        SH:  4    Dex: 19    Spells: 12/20 levels left

rFire   . . .      SeeInvis +   a - +0 long sword
rCold   . . .      Faith    .   E - +0 buckler
rNeg    . . .      Spirit   .   m - +1 robe {Archmagi}
rPois   .          Reflect  .   (no helmet)
rElec   .          Harm     .   F - +1 cloak
rCorr   .          Rampage  .   d - +0 pair of gloves
Will    .....      Archmagi +   (no boots)
Stlth   +++.......              (no amulet)
HPRegen 0.41/turn               k - +4 ring of protection
MPRegen 0.16/turn               (no ring)

@: healing quickly
A: alive, fangs 3, see invisible, vampiric 2
a: Exsanguinate, Renounce Religion, Receive Corpses


You were on level 8 of the Dungeon.
You worshipped Kikubaaqudgha.
Kikubaaqudgha was pleased with you.
You visited 2 branches of the dungeon, and saw 10 of its levels.
You also visited: Sewer.

You collected 461 gold pieces.

Inventory:

Hand Weapons
 a - a +0 long sword (weapon)
Missiles
 v - 2 throwing nets
Armour
 d - a +0 pair of gloves (worn)
 m - a +1 robe of the Archmagi (worn)
 E - a +0 buckler (worn)
 F - a +1 cloak (worn)
 G - a +1 leather armour of poison resistance
Magical Staves
 b - a staff of death
Jewellery
 k - a +4 ring of protection (left hand)
Wands
 A - a wand of iceblast (13)
 B - a wand of polymorph (7)
Scrolls
 e - 2 scrolls of amnesia
 g - 9 scrolls of teleportation
 l - a scroll of enchant weapon
 s - a scroll of blinking
 t - a scroll of magic mapping
 u - a scroll of enchant armour {unknown}
 x - a scroll of torment {unknown}
 y - a scroll of immolation
 z - a scroll of silence
 H - a scroll of fear
Potions
 c - 2 potions of degeneration {unknown}
 f - 4 potions of heal wounds
 h - 6 potions of curing
 j - 2 potions of haste
 n - 2 potions of brilliance {unknown}
 o - 2 potions of might {unknown}
 p - a potion of berserk rage
 q - a potion of resistance {unknown}
 r - a potion of invisibility {unknown}
 w - a potion of lignification {unknown}
 C - 2 potions of mutation {unknown}
 D - 2 potions of flight {unknown}


   Skills:
 + Level 5.7 Fighting
 + Level 6.1 Long Blades
 + Level 7.2 Dodging
 - Level 3.0 Stealth
 + Level 6.1 Spellcasting
 + Level 8.2 Necromancy


You had 12 spell levels left.
You knew the following spells:

 Your Spells              Type           Power      Damage    Failure   Level
a - Animate Dead          Necr           25%        N/A       6%          4
b - Vampiric Draining     Necr           50%        2d9       1%          3
c - Pain                  Necr           100%       1d9       1%          1

Your spell library contained the following spells:

 Spells                   Type           Power      Damage    Failure   Level
 Animate Skeleton         Necr           100%       N/A       1%          1
 Corpse Rot               Necr/Air       56%        N/A       4%          2
 Agony                    Necr           50%        N/A       16%         5
 Magic Dart               Conj           28%        1d4       17%         1
 Slow                     Hex            28%        N/A       17%         1
 Sting                    Tmut/Pois      28%        1d4       17%         1
 Call Imp                 Summ           7%         N/A       26%         2
 Wereblood                Tmut           7%         N/A       26%         2
 Confusing Touch          Hex            7%         N/A       45%         3
 Dazzling Flash           Conj/Hex       14%        N/A       45%         3
 Frozen Ramparts          Ice            14%        1d3       45%         3
 Mephitic Cloud           Conj/Pois/Air  7%         N/A       45%         3
 Ice Form                 Ice/Tmut       7%         N/A       86%         4
 Olgreb's Toxic Radiance  Pois           7%         N/A       86%         4
 Summon Ice Beast         Ice/Summ       7%         N/A       86%         4
 Silence                  Hex/Air        3%         N/A       99%         5
 Ozocubu's Refrigeration  Ice            3%         4d5       100%        7
 Storm Form               Tmut/Air       3%         N/A       100%        7
 Ignition                 Fire           3%         3d4       100%        8


Dungeon Overview and Level Annotations

Branches:
Dungeon (9/15)             Temple (1/1) D:5           Sewer (visited)
   Lair: D:8-11         Orc: D:9-12

Altars:
Ashenzari
Cheibriados
Dithmenos
Elyvilon
Fedhas
Gozag
Hepliaklqana
Kikubaaqudgha
Makhleb
Qazlal
Ru
Sif Muna
Trog
Uskayaw
Vehumet
Xom
Yredelemnul
Zin
The Shining One

Shops:
D:3 (

Annotations:
D:7 1 runed translucent door, sirJeffrey23's ghost, novice DsMo


Innate Abilities, Weirdness & Mutations

Your natural rate of healing is accelerated.
You have razor-sharp teeth.
You have supernaturally acute eyesight. (SInv)
You are afflicted with vampirism and can become a bat while bloodless.


Message History

You feel life coursing into your body!
The gnoll shouts!
The tengu warrior hits you with a +3 war axe!
The tengu warrior barely misses you.
The tengu warrior claws you but does no damage.
The gnoll sergeant completely misses you.
The gnoll completely misses you.
A gnoll comes into view. It is wielding a +0 flail.
The tengu warrior attacks as you move away!
The tengu warrior misses you. You block the tengu warrior's attack.
The tengu warrior barely misses you. The gnoll attacks as you move away!
The gnoll barely misses you. x2
The tengu warrior attacks as you move away!
The tengu warrior hits you with a +3 war axe.
The tengu warrior pecks you. The tengu warrior closely misses you.
There is a stone staircase leading up here.
The tengu warrior closely misses you. The tengu warrior barely misses you.
The tengu warrior claws you but does no damage.
The gnoll completely misses you.
You climb upwards.
There is a stone staircase leading down here.
Unknown command.
You are too injured to fight recklessly!
The gnoll attacks as you move away! The gnoll completely misses you.
The tengu warrior hits you with a +3 war axe!
You block the tengu warrior's attack. The tengu warrior closely misses you.
The gnoll attacks as you move away! The gnoll closely misses you.
The tengu warrior attacks as you move away!
The tengu warrior hits you with a +3 war axe!
* * * LOW HITPOINT WARNING * * *
The tengu warrior misses you. x2
You barely miss the gnoll. You bite the gnoll.
The gnoll is lightly wounded.
The gnoll hits you but does no damage.
You barely miss the gnoll.
The gnoll is lightly wounded.
Magic courses through your body.
The tengu warrior hits you with a +3 war axe!
You die...
Kikubaaqudgha rasps: "You have failed me!
Welcome... death!"

#..# #....## #..# #.....##
#..## ####...# #...#
###########..# ##..##
#..##._.# ##.## #...##
#...#...# #..### ##...##
#.###...# ##....
#######...###.####'######.#..
#...........@Qg..>..........#
#####.........###..######.###
######.......#....###.###
#.#...#...##.#......
#.......#......###..
####.........### ##.
#.##....#.######.
#.##....#.....##.
#########.##.#..##.##....


You could see a tengu warrior and a gnoll.

Vanquished Creatures
  A troll (D:7)
  A wyvern (D:7)
  A steam dragon (D:7)
  Duvessa (D:6)
  2 water moccasins
  An orc warrior (D:8)
  A black bear (D:7)
  A sky beast (D:6)
  An ice beast (D:5)
  2 ogres
  2 centaurs
  5 phantoms
  A kobold brigand (D:8)
  Blork the orc (D:6)
  3 bullfrogs
  A necrophage (D:6)
  2 scorpions
  3 wights
  Dowan (D:6)
  3 killer bees (D:7)
  A howler monkey (D:6)
  4 orc priests
  Crazy Yiuf (D:6)
  4 hounds
  A jelly (D:7)
  A gnoll shaman (D:4)
  Natasha (twice) (D:3)
  3 iguanas
  4 orc wizards
  6 gnolls (D:4)
  9 adders
  A river rat (D:3)
  A shadow imp (D:7)
  2 white imps (D:6)
  2 worms
  4 dart slugs
  22 orcs
  10 ball pythons
  15 bats
  An endoplasm (D:3)
  3 giant cockroaches
  8 goblins
  8 hobgoblins
  8 jackals (D:4)
  9 kobolds
  3 quokkas
  2 frilled lizards (D:3)
  11 rats
180 creatures vanquished.

Vanquished Creatures (collateral kills)
  A kobold (D:8)
1 creature vanquished.

Vanquished Creatures (others)
  5 plants (D:7)
5 creatures vanquished.

Grand Total: 186 creatures vanquished

Notes
Turn   | Place    | Note
-------+----------+-------------------------------------------
     0 | D:1      | siradein the Vampire Necromancer began the quest for the
                  | Orb.
     0 | D:1      | Reached XP level 1. HP: 13/13 MP: 3/3
   203 | D:1      | Reached XP level 2. HP: 20/20 MP: 3/5
   898 | D:1      | Reached skill level 1 in Fighting
  1275 | D:2      | Gained mutation: You are afflicted with vampirism and can
                  | become a bat while bloodless. [Vampire growth]
  1275 | D:2      | Reached XP level 3. HP: 23/26 MP: 2/6
  1437 | D:2      | Learned a level 3 spell: Vampiric Draining
  2304 | D:3      | Reached XP level 4. HP: 24/32 MP: 2/7
  2330 | D:3      | Found a glowing drain.
  2341 | Sewer    | Entered a sewer
  2410 | Sewer    | Noticed a water moccasin
  2421 | Sewer    | Killed a water moccasin
  2422 | Sewer    | Reached skill level 1 in Long Blades
  2422 | Sewer    | Reached skill level 5 in Necromancy
  2422 | Sewer    | Reached XP level 5. HP: 28/38 MP: 1/9
  2569 | D:3      | Noticed Natasha
  2576 | D:3      | Killed Natasha
  2645 | D:3      | Got the Collected Works on Shifting Ice
  2729 | D:3      | Found a faded altar of an unknown god.
  2740 | D:3      | Learned a level 4 spell: Animate Dead
  2753 | D:3      | Found Ekufrae's Weapon Emporium.
  3046 | D:3      | Noticed Natasha
  3054 | D:3      | Killed Natasha
  3055 | D:3      | Reached XP level 6. HP: 33/44 MP: 3/10
  3775 | D:4      | Reached XP level 7. HP: 16/51 MP: 1/12
  4066 | D:4      | Found a shimmering blue altar of Sif Muna.
  4214 | D:4      | Noticed a two-headed ogre
  4246 | D:5      | Entered Level 5 of the Dungeon
  4246 | D:5      | Found a stormy altar of Qazlal.
  4448 | D:5      | Reached skill level 6 in Necromancy
  4626 | D:5      | Found a staircase to the Ecumenical Temple.
  4639 | Temple   | Entered the Ecumenical Temple
  4790 | Temple   | Became a worshipper of Kikubaaqudgha
  5606 | D:5      | Reached XP level 8. HP: 45/60 MP: 4/14
  5839 | D:6      | Reached skill level 5 in Dodging
  6060 | D:6      | Noticed Duvessa
  6060 | D:6      | Noticed Dowan
  6442 | D:6      | Noticed Blork the orc
  6451 | D:6      | Killed Blork the orc
  6640 | D:6      | Reached skill level 7 in Necromancy
  6703 | D:6      | Reached * piety under Kikubaaqudgha
  6703 | D:6      | Received a gift from Kikubaaqudgha
  6704 | D:6      | Reached skill level 5 in Spellcasting
  6774 | D:6      | Found a sacrificial altar of Ru.
  6911 | D:6      | Found an opulent altar of Gozag.
  6935 | D:6      | Killed Duvessa
  6945 | D:6      | Killed Dowan
  7073 | D:6      | Reached XP level 9. HP: 64/66 MP: 16/16
  7148 | D:6      | Found a broken altar of Ashenzari.
  7152 | D:6      | Saw a vision of the Shoals and the Spider Nest.
  7152 | D:6      | Noticed a merfolk siren
  7152 | D:6      | Noticed a merfolk
  7152 | D:6      | Noticed a wolf spider
  7152 | D:6      | Noticed a wind drake
  7152 | D:6      | Noticed a wind drake
  7152 | D:6      | Noticed a wind drake
  7152 | D:6      | Noticed a sea snake
  7152 | D:6      | Noticed a merfolk siren
  7153 | D:6      | Noticed a merfolk
  7154 | D:6      | Noticed a wolf spider
  7406 | D:6      | Found a runed translucent door.
  7407 | D:6      | Noticed Crazy Yiuf
  7412 | D:6      | Killed Crazy Yiuf
  7413 | D:6      | Reached skill level 5 in Long Blades
  7507 | D:7      | Noticed a troll
  7536 | D:7      | Found a hazy altar of Hepliaklqana.
  7691 | D:7      | Identified the +4 dagger "Dolinaot" {holy, Dex+2}
  7910 | D:7      | Reached skill level 5 in Fighting
  8103 | D:7      | Killed a troll
  8444 | D:7      | Found a hide-covered altar of Uskayaw.
  8470 | D:7      | Found a runed translucent door.
  8470 | D:7      | Noticed sirJeffrey23's ghost (novice DsMo)
  8690 | D:8      | Reached skill level 8 in Necromancy
  9143 | D:8      | Reached ** piety under Kikubaaqudgha
  9342 | D:8      | Found a shadowy altar of Dithmenos.
  9486 | D:9      | Noticed a tengu warrior
  9511 | D:8      | Slain by a tengu warrior

Illustrated notes

Levels and vault maps discovered:
D:1:      amcnicky_arrival_flooded_fountain, layout_basic
D:2:      layout_loops_ring, minmay_fractal_squares_gapless_5
D:3:      layout_basic, portal_sewer_entry_e, serial_shops,
          nicolae_shop_behind_doors, ebering_ecumenical_altar_rust, uniq_natasha
D:4:      layout_loops_ring, mainiacjoe_overflow_surrounded_room,
          nzn_wu_jian_council_hall
D:5:      layout_layer_cave, mainiacjoe_overflow_tiny_flanked,
          minmay_temple_entry_statues_pillars, minmay_statues_item
D:6:      layout_loops_ring, nicolae_ru_path_of_blood, grunt_ashenzari_visionary
          [grunt_ashenzari_visionary_shoals, grunt_ashenzari_visionary_spider],
          lemuel_round_altar, uniq_blork_the_orc, uniq_duvessa,
          uniq_crazy_yiuf_cottage
D:7:      layout_rooms, nicolae_hepliaklqana_hazy_memory,
          gammafunk_temple_overflow_elements, ebering_ghost_inner_flame
D:8:      layout_rooms, grunt_dithmenos_shadows
D:9:      layout_roguey, david_orc_2, hellmonk_guarded_unrand_lears
Temple:   bh_familiar_temple

Skill      XL: |  1  2  3  4  5  6  7  8  9 |
---------------+----------------------------+-----
Fighting       | 1 2 3 4 5 |  5.7
Dodging        | 3 4 6 7 |  7.2
Long Blades    | 1 2 3 4 6 |  6.1
Spellcasting   | 3 4 5 6 |  6.1
Necromancy     | 5 6 7 8 |  8.2
Stealth        | |  3.0

Action                   |  1- 3 |  4- 6 |  7- 9 || total
-------------------------+-------+-------+-------++-------
Melee: Short sword       |     1 |       |       ||     1
       Long sword        |    19 |   161 |   373 ||   553
       Bite              |       |    16 |    38 ||    54
       Punch             |       |     1 |     4 ||     5
 Cast: Pain              |    75 |     8 |       ||    83
       Vampiric Draining |       |    19 |    65 ||    84
       Animate Dead      |       |       |     4 ||     4
Invok: Receive Corpses   |       |       |     1 ||     1
  Use: Scroll            |     1 |       |     9 ||    10
       Potion            |       |       |     1 ||     1
 Stab: Sleeping          |       |     6 |     9 ||    15
       Distracted        |       |       |     1 ||     1
Armor: Robe              |     3 |       |    39 ||    42
       Leather armour    |    11 |   116 |   149 ||   276
Dodge: Dodged            |    22 |   198 |   358 ||   578
Block: Buckler           |       |       |    43 ||    43

Table legend: (Time is in decaauts)
 A = Elapsed time spent in this place.
 B = Non-inter-level travel time spent in this place.
 C = Inter-level travel time spent in this place.
 D = Time resting spent in this place.
 E = Time spent auto-exploring this place.
 F = Levels seen in this place.
 G = Mean time per level.
                   A        B        C        D        E       F      G
               +--------+--------+--------+--------+--------+-----+--------+
         Total |   9644 |   9416 |    228 |    537 |   6672 |  11 |  876.7 |
       Dungeon |   9265 |   9037 |    228 |    537 |   6409 |   9 | 1029.4 |
        Temple |    172 |    172 |      0 |      0 |    142 |   1 |  172.0 |
         Sewer |    206 |    206 |      0 |      0 |    121 |   1 |  206.0 |
               +--------+--------+--------+--------+--------+-----+--------+

Top non-repeatable levels by time:
     D:5: 1775 daAuts
     D:6: 1358 daAuts
     D:1: 1194 daAuts
     D:7: 1162 daAuts
     D:2: 1078 daAuts
     D:4: 997 daAuts
     D:8: 846 daAuts
     D:3: 834 daAuts
   Sewer: 206 daAuts
  Temple: 172 daAuts
     D:9: 16 daAuts
